 Dungeon Crawl Stone Soup version 0.26-a0-651-gb41185065b (webtiles) character file.

Game seed: 7395658664336594457

27 Flugslaktarn the Shield-Bearer (level 2, -3/28 HPs)
             Began as a Deep Dwarf Fighter on Oct 7, 2020.
             Slain by an ogre
             ... wielding a +0 giant spiked club
              (20 damage)
             ... on level 3 of the Dungeon.
             The game lasted 00:00:14 (336 turns).

Flugslaktarn the Shield-Bearer (Deep Dwarf Fighter)  Turns: 336, Time: 00:00:15

Health: -3/28      AC:  9    Str: 19    XL:     2   Next: 93%
Magic:  1/1        EV:  5    Int:  8    God:
Gold:   21         SH:  9    Dex: 12    Spells: 1/1 levels left

rFire    . . .     SeeInvis .   a - +0 war axe
rCold    . . .     Faith    .   c - +0 kite shield
rNeg     . . .     Spirit   .   e - +0 chain mail
rPois    .         Reflect  .   (no helmet)
rElec    .         Harm     .   (no cloak)
rCorr    .         Rampage  .   (no gloves)
MR       .....                  (no boots)
Stlth    ..........             (no amulet)
HPRegen  0.00/turn              (no ring)
MPRegen  0.07/turn              (no ring)

@: non-regenerating
A: damage resistance, heal wounds, sense surroundings 1, no regeneration
a: Heal Wounds


You were on level 3 of the Dungeon.
You visited 1 branch of the dungeon, and saw 3 of its levels.

You collected 21 gold pieces.

Inventory:

Hand Weapons
 a - a +0 war axe (weapon)
Armour
 b - a +0 scale mail
 c - a +0 kite shield (worn)
 e - a +0 chain mail (worn)
   (You found it on level 1 of the Dungeon)
Scrolls
 f - a scroll of identify {unknown}
 g - a scroll of remove curse {unknown}
 j - a scroll of blinking {unknown}
Potions
 d - a potion of might
 h - 2 potions of flight {unknown}
 i - a potion of ambrosia {unknown}


   Skills:
 * Level 3.1 Fighting
 * Level 2.7 Axes
 + Level 3.5 Armour
 + Level 3.5 Shields


You had one spell level left.
You didn't know any spells.
Your spell library was empty.

Dungeon Overview and Level Annotations

Branches:
Dungeon (3/15)

Altars:


Innate Abilities, Weirdness & Mutations

You are resistant to damage.
You can heal yourself by infusing magical energy.
You passively map a small area around you.
You do not regenerate.


Message History

You block the ogre's attack.
Your magical essence is drained by the effort!
You feel much better. You block the ogre's attack.
You slash the ogre!
The ogre is heavily wounded.
The ogre hits you with a +0 giant spiked club!
You hit the ogre.
The ogre is severely wounded.
You block the ogre's attack.
You hit the ogre.
The ogre is severely wounded.
The ogre barely misses you.
You barely miss the ogre.
The ogre is severely wounded.
You block the ogre's attack.
You hit the ogre.
The ogre is almost dead.
The ogre hits you with a +0 giant spiked club!!
Ouch! That really hurt!
You die...

* ,, , , , ..[......
#....... *, #...... ,
* ....., * ,* * ....
≈ #.. * , * #O# ** ,
≈ #@# #.# #.# *
#############.#######
* , ,*
#.#..................
,
#.#.#########..######
, #.#.# #..# * #<#.#
#..# ,
##.#.#########..#


You could see an ogre.

Vanquished Creatures
  An adder (D:2)
  A worm (D:2)
  A dart slug (D:1)
  A leopard gecko (D:1)
  A bat (D:1)
  2 giant cockroaches
  2 hobgoblins (D:3)
  A kobold (D:1)
  A frilled lizard (D:3)
  A rat (D:3)
12 creatures vanquished.

Notes
Turn   | Place    | Note
-------+----------+-------------------------------------------
     0 | D:1      | Flugslaktarn the Deep Dwarf Fighter began the quest for the
                  | Orb.
     0 | D:1      | Reached XP level 1. HP: 20/20 MP: 1/1
   219 | D:2      | Reached XP level 2. HP: 17/27 MP: 2/2
   322 | D:3      | Noticed an ogre
   336 | D:3      | Slain by an ogre

Illustrated notes

Levels and vault maps discovered:
D:1:      heliophobic_arrival_dark_side_of_the_moon, layout_basic,
          serial_bayou_pond_e, hangedman_abyss_or_decor_lesser_grid,
          minmay_pentomino_r4
D:2:      layout_basic, nicolae_overflow_crystal_walls
D:3:      layout_loops_ring, marbit_many_paths, nrook_mini_vaults,
          grunt_ministairs_12, chequers_serial_rivers_room_a,
          trog_butcher_becter

Skill      XL: |  1  2 |
---------------+-------+-----
Fighting       | 3 |  3.1
Axes           | |  2.7
Armour         | |  3.5
Shields        | |  3.5

Action                   || total
-------------------------++-------
Melee: War axe           ||    44
 Abil: Heal Wounds       ||     1
Armor: Chain mail        ||    29
Dodge: Dodged            ||    11
Block: Kite shield       ||    21

Table legend: (Time is in decaauts)
 A = Elapsed time spent in this place.
 B = Non-inter-level travel time spent in this place.
 C = Inter-level travel time spent in this place.
 D = Time resting spent in this place.
 E = Time spent auto-exploring this place.
 F = Levels seen in this place.
 G = Mean time per level.
                   A        B        C        D        E       F      G
               +--------+--------+--------+--------+--------+-----+--------+
         Total |    354 |    292 |     62 |      0 |    186 |   3 |  118.0 |
       Dungeon |    354 |    292 |     62 |      0 |    186 |   3 |  118.0 |
               +--------+--------+--------+--------+--------+-----+--------+

Top non-repeatable levels by time:
     D:1: 214 daAuts
     D:2: 77 daAuts
     D:3: 62 daAuts
